AoeStats
← darador86

Black Forest

506987174Analyzed
4v4 RM · 18d ago on Sep 16, 2026· 44m 32s· 8 players
Game mode
Random Map
Map size
Large (8 player)
Population
200
Speed
Normal
Resources
Standard
Victory
Conquest
Starting age
Dark Age
Ending age
Imperial Age
RankedLock teamsTeams togetherTeam positionsShared explorationLock speedFull tech treeHidden civsTurbo modeCheats
Victory
Defeat
🇺🇸 Lithuanians · United States
913
+12
🇭🇺 Italians · Hungary
818
+16
🇬🇧 Britons · United Kingdom
811
+16
🇨🇦 Bengalis · Canada
756
+18
🇺🇸 Malians · United States
931
-21
🇦🇺 Japanese · Australia
910
-19
🇦🇷 Teutons · Argentina
716
-12
🇦🇷 Huns · Argentina
685
-10
ISpillTheCoffee
0:30 Loom
10:33 Feudal Age
11:55 Wheelbarrow
12:31 Town Watch
12:39 Horse Collar
12:48 Double-Bit Axe
20:59 Castle Age
19:30 Gold Mining
20:40 Fletching
21:00 Forging
20:58 Stone Mining
21:22 Forging
23:10 Heavy Plow
23:36 Pikeman
24:53 Bow Saw
25:36 Bodkin Arrow
26:50 Padded Archer Armor
29:17 Scale Mail Armor
31:05 Gold Shaft Mining
34:59 Imperial Age
32:56 Hand Cart
33:43 Arson
33:59 Squires
33:44 Gambesons
33:29 Man-at-Arms
34:27 Masonry
34:45 Caravan
35:45 Ballistics
35:44 Leather Archer Armor
36:06 Iron Casting
34:59 Long Swordsman
36:41 Conscription
37:06 Yeomen
38:15 Bracer
38:46 Ring Archer Armor
39:59 Chemistry
39:12 Fortified Wall
40:05 Blast Furnace
39:22 Chain Mail Armor
38:32 Two-Handed Swordsman
강해린
6:40 Loom
10:45 Feudal Age
11:06 Horse Collar
11:11 Double-Bit Axe
15:09 Gold Mining
16:51 Stone Mining
21:09 Castle Age
22:16 Bow Saw
22:06 Heavy Plow
24:41 Wheelbarrow
36:15 Imperial Age
34:00 Hand Cart
34:14 Husbandry
34:24 Bloodlines
35:17 Light Cavalry
36:10 Scale Barding Armor
36:15 Forging
36:41 Cavalier
36:48 Winged Hussar
39:30 Paladin
41:19 Iron Casting
41:04 Chain Barding Armor
43:44 Plate Barding Armor
aelenon
12:16 Feudal Age
13:50 Double-Bit Axe
16:58 Castle Age
19:15 Bow Saw
18:49 Horse Collar
24:00 Wheelbarrow
25:30 Hand Cart
28:42 Town Watch
29:42 Caravan
32:19 Gold Mining
36:30 Imperial Age
36:17 Husbandry
36:28 Bloodlines
37:54 Conscription
37:57 Mahayana
37:04 Heavy Scorpion
37:12 Siege Elephant
38:13 Onager
41:59 Elite Battle Elephant
benjaminvilmos
14:00 Feudal Age
15:35 Double-Bit Axe
15:32 Horse Collar
21:17 Castle Age
22:54 Bow Saw
22:47 Heavy Plow
29:19 Caravan
29:20 Stone Mining
29:21 Gold Mining
31:14 Stone Shaft Mining
32:54 Treadmill Crane
33:35 Ballistics
35:56 Imperial Age
33:17 Loom
34:07 Wheelbarrow
33:19 Town Watch
35:36 Fletching
35:46 Padded Archer Armor
36:40 Bodkin Arrow
37:01 Leather Archer Armor
37:50 Chemistry
39:30 Two-Man Saw
40:11 Bracer
39:50 Elite Genoese Crossbowman
40:51 Conscription
41:00 Silk Road
44:02 Ring Archer Armor
44:45 Forging
44:36 Scale Mail Armor
Zukomazi
0:27 Loom
13:07 Feudal Age
14:06 Double-Bit Axe
16:52 Wheelbarrow
16:06 Town Watch
17:01 Horse Collar
19:49 Castle Age
19:40 Stone Mining
19:56 Gold Mining
21:36 Heavy Plow
23:30 Bow Saw
33:11 Imperial Age
30:42 Town Watch
32:38 Hand Cart
34:19 Conscription
33:57 Capped Ram
34:00 Pikeman
34:41 Squires
34:26 Arson
35:10 Scale Mail Armor
35:20 Forging
36:51 Chain Mail Armor
37:42 Iron Casting
40:56 Plate Mail Armor
42:13 Fletching
43:34 Caravan
44:54 Chemistry
44:14 Ballistics
43:52 Bodkin Arrow
44:13 Masonry
44:06 Padded Archer Armor
DOZZER
1:00 Loom
14:22 Feudal Age
14:53 Horse Collar
15:03 Double-Bit Axe
15:11 Gold Mining
15:12 Stone Mining
23:41 Castle Age
24:00 Elite Skirmisher
24:46 Thumb Ring
29:29 Imperial Age
27:21 Scale Mail Armor
26:51 Elite Skirmisher
29:46 Heavy Plow
31:59 Ballistics
31:53 Fortified Wall
34:32 Forging
38:25 Iron Casting
38:05 Chain Mail Armor
39:46 Thumb Ring
40:14 Squires
41:12 Elite Samurai
42:00 Arson
0800goon
0:40 Loom
12:08 Feudal Age
15:48 Wheelbarrow
17:31 Double-Bit Axe
17:39 Gold Mining
17:34 Horse Collar
18:01 Stone Mining
24:10 Castle Age
28:26 Hand Cart
30:19 Bow Saw
30:13 Heavy Plow
30:58 Caravan
36:49 Imperial Age
37:23 Ironclad
38:23 Capped Ram
38:38 Elite Skirmisher
40:11 Forging
40:02 Scale Mail Armor
40:03 Padded Archer Armor
39:53 Fletching
40:09 Scale Barding Armor
40:51 Conscription
39:51 Elite Teutonic Knight
44:16 Iron Casting
43:57 Chain Mail Armor
43:57 Leather Archer Armor
43:38 Bodkin Arrow
44:04 Chain Barding Armor
darador86
12:08 Feudal Age
12:52 Gold Mining
12:52 Stone Mining
12:46 Horse Collar
12:54 Double-Bit Axe
19:46 Castle Age
22:26 Bow Saw
22:36 Heavy Plow
24:56 Wheelbarrow
24:07 Town Watch
27:42 Gold Shaft Mining
27:12 Town Patrol
27:28 Hand Cart
27:18 Padded Archer Armor
27:10 Fletching
27:30 Forging
27:21 Scale Mail Armor
27:27 Scale Barding Armor
29:38 Caravan
33:10 Marauders
32:45 Pikeman
37:10 Imperial Age
34:40 Elite Skirmisher
35:47 Ballistics
35:23 Murder Holes
35:38 Masonry
39:24 Parthian Tactics
38:20 Heavy Cavalry Archer
38:34 Elite Tarkan
41:11 Chemistry
40:30 Leather Archer Armor
40:10 Bodkin Arrow
40:52 Iron Casting
40:32 Chain Mail Armor
40:38 Chain Barding Armor
41:14 Conscription
42:33 Husbandry
42:44 Bloodlines
Connection lost

Rejoining the realm…

Still unreachable

The connection could not be restored.

Session expired

The server has moved on; the page needs a fresh start.